[ PARTIDA AOE2 · #495742065 ]
UnrankedJaponeses vs Romans
Equipo del jugador · DERR
Equipo rival · VICT
[ ANÁLISIS DE REPETICIÓN · EXTRAÍDO DE LA PARTIDA GRABADA ]
Feudal
8:55
Castillos
23:16
Imperial
—
| APM promedio | 71.9 |
| APM pico | 117 |
| eAPM promedio | 33.3 |
| Aldeanos / militares | 92 / 132 |
Foco
⚔️ 40.0% · 🌾 60.0%
Samurai ×65 · Militia ×23 · Skirmisher ×17 · Knight ×11 · Cavalry Archer ×10 · Archer ×3
Feudal
9:04
Castillos
24:28
Imperial
—
| APM promedio | 64.9 |
| APM pico | 139 |
| eAPM promedio | 25.1 |
| Aldeanos / militares | 96 / 151 |
Foco
⚔️ 37.0% · 🌾 63.0%
Militia ×83 · Scorpion ×19 · Skirmisher ×17 · Spearman ×16 · Battering Ram ×12 · Scout Cavalry ×4
Mapa de la partida
Recursos iniciales + cada clic de construcción. Líneas = muros · curvas = relieve. ◆ oro · ⬟ piedra · ● bayas · ✦ reliquia · ◌ hueco del cierre
Tu base· Abierta — hueco de 1t
Base de 枕上鸳鸯睡红莲· Abierta — hueco de 2t
Terreno inicial suavizado · ◌ = hueco del cierre detectado · pasá el cursor para detalles
Inputs por minuto
— juligrancella - - 枕上鸳鸯睡红莲
Build order — juligrancella
Primeras 150 de 327 acciones detectadas
| 0:01 | Crear | Villager (Male) |
| 0:01 | Crear | Villager (Male) |
| 0:02 | Crear | Villager (Male) |
| 0:02 | Construir | House |
| 0:04 | Construir | House |
| 0:09 | Crear | Villager (Male) |
| 1:15 | Crear | Villager (Male) |
| 1:15 | Crear | Villager (Male) |
| 1:45 | Construir | Lumber Camp |
| 1:58 | Crear | Villager (Male) |
| 1:59 | Crear | Villager (Male) |
| 2:15 | Crear | Villager (Male) |
| 2:36 | Crear | Villager (Male) |
| 2:37 | Construir | House |
| 2:38 | Construir | House |
| 2:40 | Construir | House |
| 3:00 | Crear | Villager (Male) |
| 3:25 | Crear | Villager (Male) |
| 3:25 | Crear | Villager (Male) |
| 4:05 | Crear | Villager (Male) |
| 4:25 | Crear | Villager (Male) |
| 4:26 | Crear | Villager (Male) |
| 4:47 | Crear | Villager (Male) |
| 4:47 | Crear | Villager (Male) |
| 5:03 | Crear | Villager (Male) |
| 5:16 | Construir | Mill |
| 5:21 | Crear | Villager (Male) |
| 5:46 | Investigar | Loom |
| 6:09 | Crear | Villager (Male) |
| 6:24 | Construir | Barracks |
| 6:45 | Investigar | Feudal Age |
| 6:46 | Investigar | Feudal Age |
| 6:50 | Construir | Mining Camp |
| 7:11 | Crear | Militia |
| 7:12 | Crear | Militia |
| 7:12 | Crear | Militia |
| 7:46 | Crear | Villager (Male) |
| 7:55 | Crear | Militia |
| 7:56 | Crear | Militia |
| 8:07 | Construir | House |
| 8:09 | Construir | House |
| 8:26 | Crear | Villager (Male) |
| 8:36 | Construir | Palisade Wall |
| 8:37 | Construir | Palisade Wall |
| 8:40 | Construir | Palisade Wall |
| 8:55 | Edad | Edad Feudal |
| 9:10 | Investigar | Man-at-Arms (upgrade) |
| 9:10 | Investigar | Man-at-Arms (upgrade) |
| 9:20 | Construir | Archery Range |
| 9:30 | Crear | Villager (Male) |
| 9:38 | Construir | Palisade Wall |
| 10:02 | Crear | Villager (Male) |
| 10:13 | Crear | Villager (Male) |
| 10:24 | Construir | House |
| 10:25 | Crear | Skirmisher |
| 10:25 | Crear | Skirmisher |
| 10:25 | Crear | Skirmisher |
| 10:47 | Crear | Villager (Male) |
| 10:57 | Crear | Skirmisher |
| 11:08 | Construir | Blacksmith |
| 11:20 | Crear | Skirmisher |
| 11:28 | Crear | Villager (Male) |
| 11:29 | Crear | Villager (Male) |
| 11:33 | Crear | Villager (Male) |
| 12:02 | Crear | Skirmisher |
| 12:03 | Crear | Skirmisher |
| 12:03 | Crear | Villager (Male) |
| 12:23 | Crear | Militia |
| 12:24 | Crear | Militia |
| 12:26 | Crear | Skirmisher |
| 12:31 | Investigar | Fletching |
| 12:32 | Investigar | Fletching |
| 12:47 | Crear | Skirmisher |
| 13:10 | Crear | Skirmisher |
| 13:12 | Crear | Militia ×2 |
| 13:13 | Crear | Militia ×2 |
| 13:19 | Construir | Farm |
| 13:19 | Construir | Farm |
| 13:20 | Construir | Farm |
| 13:20 | Construir | Farm |
| 13:20 | Construir | Farm |
| 13:23 | Crear | Villager (Male) |
| 13:23 | Crear | Villager (Male) |
| 13:48 | Crear | Skirmisher |
| 13:51 | Crear | Militia |
| 13:52 | Crear | Militia |
| 13:55 | Crear | Villager (Male) |
| 13:55 | Crear | Villager (Male) |
| 13:56 | Construir | Farm |
| 14:01 | Construir | House |
| 14:02 | Construir | House |
| 14:03 | Construir | House |
| 14:05 | Crear | Villager (Male) |
| 14:28 | Crear | Skirmisher |
| 14:51 | Crear | Skirmisher |
| 14:53 | Investigar | Padded Archer Armor |
| 14:53 | Investigar | Padded Archer Armor |
| 14:54 | Crear | Villager (Male) |
| 14:54 | Crear | Villager (Male) |
| 14:56 | Construir | House |
| 14:58 | Construir | Farm |
| 14:58 | Construir | Farm |
| 15:00 | Crear | Villager (Male) |
| 15:01 | Crear | Villager (Male) |
| 15:09 | Construir | Farm |
| 15:31 | Crear | Skirmisher |
| 16:18 | Crear | Skirmisher |
| 16:19 | Crear | Skirmisher |
| 16:19 | Crear | Villager (Male) |
| 16:20 | Crear | Villager (Male) |
| 16:22 | Construir | Farm |
| 16:23 | Construir | Farm |
| 16:24 | Construir | Farm |
| 16:25 | Construir | Farm |
| 16:53 | Crear | Skirmisher |
| 16:54 | Crear | Villager (Male) |
| 17:01 | Construir | Farm |
| 17:02 | Construir | Farm |
| 17:03 | Construir | Farm |
| 17:10 | Construir | Farm |
| 17:40 | Crear | Villager (Male) |
| 17:42 | Construir | Farm |
| 17:44 | Construir | Farm |
| 17:45 | Crear | Villager (Male) |
| 18:31 | Crear | Villager (Male) |
| 18:33 | Crear | Villager (Male) |
| 18:38 | Construir | Mill |
| 18:43 | Construir | Market |
| 18:59 | Crear | Militia ×5 |
| 18:59 | Crear | Militia ×5 |
| 19:14 | Crear | Spearman |
| 19:14 | Crear | Spearman |
| 19:19 | Crear | Villager (Male) |
| 19:20 | Crear | Villager (Male) |
| 19:32 | Construir | Watch Tower |
| 19:37 | Crear | Villager (Male) |
| 19:44 | Crear | Spearman |
| 20:02 | Crear | Villager (Male) |
| 20:30 | Investigar | Castle Age |
| 20:30 | Investigar | Castle Age |
| 20:43 | Construir | Stable |
| 20:47 | Construir | House |
| 21:04 | Construir | House |
| 21:08 | Investigar | Scale Barding Armor |
| 21:29 | Investigar | Double-Bit Axe |
| 21:36 | Construir | Farm |
| 21:39 | Construir | Farm |
| 21:47 | Construir | Stable |
| 22:02 | Investigar | Horse Collar |
| 22:16 | Investigar | Gold Mining |
Build order — 枕上鸳鸯睡红莲
Primeras 150 de 361 acciones detectadas
| 0:01 | Crear | Villager (Male) |
| 0:02 | Crear | Villager (Male) |
| 0:03 | Construir | House |
| 0:07 | Construir | House |
| 0:22 | Crear | Villager (Male) |
| 0:22 | Crear | Villager (Male) |
| 0:22 | Crear | Villager (Male) |
| 0:47 | Construir | House |
| 1:31 | Crear | Villager (Male) |
| 1:31 | Crear | Villager (Male) |
| 2:03 | Crear | Villager (Male) |
| 2:03 | Crear | Villager (Male) |
| 2:26 | Construir | Lumber Camp |
| 2:33 | Crear | Villager (Male) |
| 2:51 | Crear | Villager (Male) |
| 2:55 | Crear | Villager (Male) |
| 2:55 | Crear | Villager (Male) |
| 3:44 | Crear | Villager (Male) |
| 3:44 | Crear | Villager (Male) |
| 3:47 | Crear | Villager (Male) |
| 3:47 | Crear | Villager (Male) |
| 4:16 | Crear | Villager (Male) |
| 5:06 | Crear | Villager (Male) |
| 5:34 | Construir | Mill |
| 5:47 | Crear | Villager (Male) |
| 5:59 | Investigar | Loom |
| 6:23 | Construir | Lumber Camp |
| 6:54 | Investigar | Feudal Age |
| 6:54 | Investigar | Feudal Age |
| 7:42 | Construir | Palisade Wall |
| 7:43 | Construir | Palisade Wall |
| 7:44 | Construir | Palisade Wall |
| 7:45 | Construir | Palisade Wall |
| 7:57 | Construir | Palisade Wall |
| 7:58 | Construir | Palisade Wall |
| 7:59 | Construir | Palisade Wall |
| 8:01 | Construir | Palisade Wall |
| 8:12 | Construir | Barracks |
| 8:26 | Crear | Villager (Male) |
| 8:37 | Construir | House |
| 9:04 | Edad | Edad Feudal |
| 9:06 | Construir | Archery Range |
| 9:10 | Investigar | Double-Bit Axe |
| 9:10 | Investigar | Double-Bit Axe |
| 9:13 | Investigar | Horse Collar |
| 9:14 | Investigar | Horse Collar |
| 9:14 | Crear | Villager (Male) |
| 9:29 | Construir | House |
| 9:43 | Crear | Villager (Male) |
| 9:47 | Crear | Skirmisher |
| 9:48 | Crear | Spearman |
| 10:03 | Crear | Skirmisher |
| 10:22 | Crear | Skirmisher |
| 10:23 | Crear | Villager (Male) |
| 10:24 | Construir | House |
| 10:28 | Construir | Farm |
| 10:48 | Crear | Villager (Male) |
| 10:49 | Crear | Skirmisher |
| 10:58 | Construir | Blacksmith |
| 11:07 | Crear | Skirmisher |
| 11:20 | Crear | Villager (Male) |
| 11:20 | Crear | Villager (Male) |
| 11:38 | Crear | Villager (Male) |
| 11:53 | Crear | Villager (Male) |
| 11:56 | Crear | Skirmisher |
| 11:58 | Construir | House |
| 12:13 | Investigar | Fletching |
| 12:13 | Investigar | Fletching |
| 12:13 | Investigar | Fletching |
| 12:17 | Construir | Farm |
| 12:25 | Crear | Skirmisher |
| 12:36 | Crear | Skirmisher |
| 12:43 | Crear | Villager (Male) |
| 12:46 | Crear | Skirmisher |
| 12:59 | Crear | Skirmisher |
| 13:17 | Crear | Skirmisher |
| 13:18 | Crear | Villager (Male) |
| 13:30 | Construir | Farm |
| 13:30 | Construir | Farm |
| 13:31 | Construir | Farm |
| 13:40 | Investigar | Padded Archer Armor |
| 13:40 | Investigar | Padded Archer Armor |
| 13:42 | Crear | Villager (Male) |
| 13:54 | Construir | Farm |
| 13:54 | Construir | Farm |
| 14:04 | Crear | Skirmisher |
| 14:06 | Crear | Villager (Male) |
| 14:22 | Crear | Villager (Male) |
| 14:26 | Crear | Skirmisher |
| 14:50 | Crear | Skirmisher |
| 14:52 | Crear | Villager (Male) |
| 15:03 | Construir | Stable |
| 15:06 | Construir | Farm |
| 15:06 | Construir | Farm |
| 15:07 | Construir | Farm |
| 15:11 | Crear | Villager (Male) |
| 15:57 | Construir | House |
| 16:00 | Crear | Skirmisher |
| 16:01 | Crear | Villager (Male) |
| 16:06 | Investigar | Scale Barding Armor |
| 16:11 | Crear | Skirmisher |
| 16:12 | Crear | Villager (Male) |
| 16:16 | Construir | Farm |
| 16:17 | Construir | Farm |
| 16:21 | Construir | Farm |
| 16:22 | Construir | Farm |
| 16:28 | Crear | Scout Cavalry |
| 16:32 | Construir | Farm |
| 16:55 | Crear | Villager (Male) |
| 16:57 | Crear | Scout Cavalry |
| 17:03 | Construir | House |
| 17:03 | Construir | House |
| 17:07 | Construir | Farm |
| 17:10 | Construir | House |
| 17:11 | Construir | House |
| 17:16 | Crear | Skirmisher |
| 17:23 | Investigar | Forging |
| 17:24 | Investigar | Forging |
| 17:32 | Construir | House |
| 17:37 | Crear | Villager (Male) |
| 17:55 | Crear | Scout Cavalry |
| 18:01 | Construir | Farm |
| 18:05 | Construir | Farm |
| 18:11 | Crear | Villager (Male) |
| 18:23 | Crear | Scout Cavalry |
| 18:39 | Construir | Mining Camp |
| 18:45 | Crear | Villager (Male) |
| 19:02 | Crear | Villager (Male) |
| 19:06 | Construir | Farm |
| 19:31 | Crear | Villager (Male) |
| 19:34 | Construir | Market |
| 19:48 | Construir | Farm |
| 19:51 | Construir | House |
| 19:52 | Construir | House |
| 19:58 | Crear | Villager (Male) |
| 20:14 | Construir | Barracks |
| 20:18 | Investigar | Wheelbarrow |
| 20:18 | Investigar | Wheelbarrow |
| 20:50 | Construir | Farm |
| 20:54 | Construir | Farm |
| 21:48 | Investigar | Castle Age |
| 21:48 | Investigar | Castle Age |
| 21:55 | Construir | Barracks |
| 22:04 | Investigar | Gold Mining |
| 22:04 | Investigar | Gold Mining |
| 22:20 | Investigar | Man-at-Arms (upgrade) |
| 22:20 | Investigar | Man-at-Arms (upgrade) |
| 22:21 | Investigar | Man-at-Arms (upgrade) |
| 22:45 | Investigar | Scale Mail Armor |
| 22:46 | Crear | Militia |
Cronología de la partida
| 6:24 | juligrancella · first_building Barracks |
| 7:42 | 枕上鸳鸯睡红莲 · wall_segment Palisade Wall x1 |
| 7:43 | 枕上鸳鸯睡红莲 · wall_segment Palisade Wall x1 |
| 7:44 | 枕上鸳鸯睡红莲 · wall_segment Palisade Wall x1 |
| 7:45 | 枕上鸳鸯睡红莲 · wall_segment Palisade Wall x1 |
| 7:57 | 枕上鸳鸯睡红莲 · wall_segment Palisade Wall x1 |
| 7:58 | 枕上鸳鸯睡红莲 · wall_segment Palisade Wall x1 |
| 7:59 | 枕上鸳鸯睡红莲 · wall_segment Palisade Wall x1 |
| 8:01 | 枕上鸳鸯睡红莲 · wall_segment Palisade Wall x1 |
| 8:12 | 枕上鸳鸯睡红莲 · first_building Barracks |
| 8:36 | juligrancella · wall_segment Palisade Wall x1 |
| 8:37 | juligrancella · wall_segment Palisade Wall x1 |
| 8:40 | juligrancella · wall_segment Palisade Wall x1 |
| 8:55 | juligrancella · age_up feudal |
| 9:04 | 枕上鸳鸯睡红莲 · age_up feudal |
| 9:06 | 枕上鸳鸯睡红莲 · first_building Archery Range |
| 9:20 | juligrancella · first_building Archery Range |
| 9:38 | juligrancella · wall_segment Palisade Wall x1 |
| 15:03 | 枕上鸳鸯睡红莲 · first_building Stable |
| 19:39 | juligrancella · first_market_buy 100 food |
| 19:41 | juligrancella · first_market_sell 100 wood |
| 20:43 | juligrancella · first_building Stable |
| 23:16 | juligrancella · age_up castle |
| 24:28 | 枕上鸳鸯睡红莲 · age_up castle |
| 25:04 | 枕上鸳鸯睡红莲 · first_building Siege Workshop |
| 27:05 | 枕上鸳鸯睡红莲 · first_market_buy 100 food |
| 29:07 | juligrancella · first_building Castle |
| 37:40 | juligrancella · resign |
[ ANÁLISIS IA · 1 CRÉDITO ]
¿Qué pasó realmente en esta partida?
Wolo.gg analiza cada decisión: build order, eco, micro, errores típicos por bracket. Análisis personalizado por WhatsApp o Discord en 30 segundos.
Guía civ
Japoneses
Perfil
juligrancella